 Dungeon Sprint DCSS version 0.17-a0-1840-g87820a2 (webtiles) character file.

265 KambridgeKobold the Covert (level 5, -5/29 HPs)
             Began as a Spriggan Assassin on Sept 16, 2015.
             Splashed by a jelly's acid (9 damage)
             ... in the Dungeon (Sprint I: "Red Sonja").
             The game lasted 00:02:29 (478 turns).

KambridgeKobold the Covert (Spriggan Assassin)       Turns: 478, Time: 00:02:29

Health: -5/29      AC:  3    Str:  7    XL:     5   Next: 99%
Magic:  6/6        EV: 28    Int: 12    God:
Gold:   162        SH:  0    Dex: 19    Spells: 0 memorised, 4 levels left

rFire  . . .     SeeInvis +     b - +0 blowgun
rCold  . . .     Clarity  .     c - +0 robe
rNeg   . . .     SustAt   .     (shield restricted)
rPois  .         Gourm    .     (helmet restricted)
rElec  .         Spirit   .     d - +0 cloak
rCorr  .         Warding  .     (gloves unavailable)
rMut   .         NoTele   +     (boots unavailable)
MR     .....                    (no amulet)
Stlth  ++++++....               (no ring)
                                (no ring)

@: very quick, not resistant to hostile enchantments, very stealthy
A: unfitting armour, see invisible, herbivore 3, speed 3, slow metabolism 2
a: no special abilities


You were in the Dungeon.
You were not hungry.

You visited 1 branch You collected 162 gold pieces.

Inventory:

Hand weapons
 a - a +2 dagger
 b - a +0 blowgun (weapon)
Missiles
 f - 2 curare-tipped needles (quivered)
Armour
 c - a +0 robe (worn)
 d - a +0 cloak (worn)
Magical devices
 n - a wand of confusion (11)
Scrolls
 m - a scroll of blinking
Potions
 h - a potion of curing
 i - a potion of heal wounds
 j - a potion of haste
 k - 2 potions of magic
 l - a potion of berserk rage
Comestibles
 g - a bread ration


   Skills:
 + Level 4.2 Fighting
 - Level 2.1 Short Blades
 - Level 2.1 Throwing
 + Level 11.4 Dodging
 + Level 13.2 Stealth


You had 4 spell levels left.
You didn't know any spells.

Dungeon Overview and Level Annotations

Branches:
Dungeon (1/1)

Altars:
Sif Muna
Vehumet


Innate Abilities, Weirdness & Mutations

You are tiny and cannot use many weapons and most armour.
You have supernaturally acute eyesight.
You are a herbivore.
You cover ground extremely quickly.
You need consume almost no food.


Message History

You hear a slurping noise.
Unknown command.
Firing (i - inventory. (,) - cycle):
e - 2 poisoned needles (quivered)
Press: ? - help, Shift-Dir - straight line, f/p - jelly
Aim: a jelly You shoot a poisoned needle.
The poisoned needle hits the jelly!
You hear a slurping noise.
Unknown command.
There is a fountain of clear blue water here.
Firing (i - inventory. (,) - cycle):
e - a poisoned needle (quivered)
Press: ? - help, Shift-Dir - straight line, f/p - jelly
Aim: a jelly You shoot a poisoned needle.
The poisoned needle hits the jelly!
You hear a slurping noise.
Unknown command.
The jelly misses you. The jelly hits you.
* * * LOW HITPOINT WARNING * * *
You are splashed with acid!
The acid burns!
You die...

################
#<.#..'..#.)'..#
#..[..#.)'..#..+
#..#####'#####'#
#..# #..# #%#
#@.# #### ##)#
#.J# #+#..+ #⌠⌠#
+..._# ####
#_.#+# ##+#


You could see a jelly.

Vanquished Creatures
  Sigmund (D)
  An ogre (D)
  Ijyb (D)
3 creatures vanquished.

Notes
Turn   | Place    | Note
--------------------------------------------------------------
     0 | D        | KambridgeKobold the Spriggan Assassin began the quest for the Orb.
     0 | D        | Reached XP level 1. HP: 10/10 MP: 2/2
     1 | D        | Noticed Ijyb
    20 | D        | Killed Ijyb
    20 | D        | Reached skill level 6 in Dodging
    20 | D        | Reached skill level 8 in Stealth
    20 | D        | Reached XP level 2. HP: 8/14 MP: 3/3
   162 | D        | Noticed an ogre
   165 | D        | Killed an ogre
   165 | D        | Reached skill level 9 in Dodging
   165 | D        | Reached skill level 11 in Stealth
   165 | D        | Reached XP level 3. HP: 18/18 MP: 4/4
   165 | D        | Reached XP level 4. HP: 22/22 MP: 5/5
   175 | D        | Noticed Sigmund
   201 | D        | Killed Sigmund
   201 | D        | Reached skill level 13 in Stealth
   201 | D        | Reached XP level 5. HP: 9/29 MP: 6/6
   434 | D        | Found a deep blue altar of Sif Muna.
   435 | D        | Noticed a jelly
   436 | D        | Found a radiant altar of Vehumet.
   478 | D        | Splashed by a jelly's acid

Vault maps used:
D:        dungeon_sprint_1

Action                   |  1- 3 |  4- 6 || total
-------------------------+-------+-------++-------
Melee: Dagger            |     5 |    32 ||    37
 Fire: Blowgun           |       |     8 ||     8
 Stab: Sleeping          |     2 |       ||     2
